[Event "Team 45 45 League T44"]
[Site "Internet Chess Club"]
[Date "2010.03.09"]
[Round "5"]
[White "jjmolina"]
[Black "ChessyNessy"]
[Result "0-1"]
[WhiteElo "1712"]
[BlackElo "1947"]
[Opening "Sicilian: Hungarian variation"]
[ECO "B27"]
[Time "13:00:36"]
[TimeControl "2700+45"]

1. e4 c5 2. Nf3 g6 3. d4 cxd4 4. Qxd4 Nf6 5. Bb5 Nc6 6. Bxc6 bxc6 7. e5 Nd5 8.
O-O Bg7 9. c4 Nc7 10. Qd3 O-O 11. Re1 d5 12. exd6 exd6 13. Nc3 Bf5 14. Qd1 Bg4
15. Qd3 Bf5 16. Qd1 Ne6 17. h3 Nc5 18. Nd4 Qd7 19. Nxf5 Qxf5 20. Qxd6 Nd3 21.
Rf1 Rac8 22. Qg3 Rfe8 23. Rb1 Be5 24. f4 Bd4+ 25. Kh2 Rb8 26. Nd1 Ne5 27. Ra1
Nxc4 28. Qf3 c5 29. a4 Qc2 30. f5 Ne5 31. Qf4 Nd3 32. Qd2 Qxd2 33. Bxd2 Re2 34.
Bh6 Nxb2 35. fxg6 hxg6 36. Rb1 c4 37. Nxb2 Bxb2 38. Rbd1 Be5+ 39. Kh1 f5 40. Bf4
Bxf4 41. Rxf4 Rbb2 42. Rxc4 Rxg2 43. Rc8+ Kg7 44. Rc7+ Kf6 45. Rxa7 Rh2+ 46. Kg1
Rxh3 47. Ra6+ Kg5 48. a5 Ra3 49. Rb6 Rc2 50. a6 Kh5 51. Re6 g5 52. Re5 f4 53.
Re6 f3 54. Rf1 g4 55. Re5+ Kh4 56. Re6 Raa2 57. Rh6+ Kg5 58. Rh7 Rxa6 59. Rb1
Kf4 60. Rf7+ Kg3 61. Rh7 Ra3 62. Rf7 Rg2+ 63. Kf1 Rh2 64. Kg1 Raa2 65. Rf1 Rag2#
{White checkmated} 0-1

[Event "Team 45 45 League T44"]
[Site "Internet Chess Club"]
[Date "2010.03.06"]
[Round "5"]
[White "pelayo"]
[Black "Orichas"]
[Result "1-0"]
[WhiteElo "1685"]
[BlackElo "1601"]
[Opening "Réti opening"]
[ECO "A04"]
[Time "12:30:14"]
[TimeControl "2700+45"]

1. Nf3 b5 2. d4 Bb7 3. g3 e6 4. Bg2 d5 5. a4 b4 6. c3 a5 7. cxb4 axb4 8. Nbd2
Nf6 9. O-O Be7 10. Nb3 Nbd7 11. a5 O-O 12. Bf4 c5 13. dxc5 Nxc5 14. Nfd4 Nxb3
15. Qxb3 Nd7 16. Bd2 Ne5 17. Bxb4 Bxb4 18. Qxb4 Rb8 19. b3 Ba8 20. Qd2 Nd7 21.
Rfc1 e5 22. Nc6 Bxc6 23. Rxc6 Nf6 24. b4 Qe7 25. Rc5 e4 26. e3 Rfd8 27. Bh3 Qe5
28. Rac1 g5 29. Rc8 g4 30. Rxd8+ Rxd8 31. Bf1 d4 32. exd4 Rxd4 33. Qc3 Qd6 34.
a6 e3 35. fxe3 Rd3 36. Qxd3 {Black resigns} 1-0